 Dungeon Crawl Stone Soup version 0.31-a0-83-gbff143cfd1 (webtiles) character file.

Game seed: 7778582720186511250

2 IdlyInterested the Chucker (level 1, -15/13 HPs)
             Began as a Demonspawn Wanderer on May 24, 2023.
             Demolished by a kobold
             ... wielding a +1 short sword of electrocution
              (20 damage)
             ... on level 1 of the Dungeon.
             The game lasted 00:00:57 (111 turns).

IdlyInterested the Chucker (Demonspawn Wanderer)     Turns: 111, Time: 00:00:58

Health: -15/13     AC:  5    Str:  9    XL:     1   Next: 25%
Magic:  3/3        EV:  9    Int: 15    God:
Gold:   29         SH:  0    Dex: 13    Spells: 3/4 levels left

rFire   . . .        a - +2 dagger
rCold   . . .        (no shield)
rNeg    . . .        g - +0 ring mail
rPois   .            (no helmet)
rElec   .            (no cloak)
rCorr   .            (no gloves)
SInv    .            (no boots)
Will    .....        (no amulet)
Stlth   +            (no ring)
HPRegen 0.22/turn    (no ring)
MPRegen 0.08/turn

%: no passive effects
@: no status effects
A: no striking features
a: no special abilities


You were on level 1 of the Dungeon.
You visited 1 branch of the dungeon, and saw 1 of its levels.

You collected 29 gold pieces.

Inventory:

Hand Weapons
 a - a +2 dagger (weapon)
 f - a +0 short sword
 j - a +0 heavy mace
Missiles
 b - 2 curare-tipped darts (quivered)
Armour
 e - a +0 robe
 g - a +0 ring mail (worn)
Magical Staves
 h - a staff of fire
Scrolls
 c - a scroll of silence
Potions
 d - a potion of lignification
 i - a potion of magic {unknown}


   Skills:
 * Level 0.2 Fighting
 - Level 3.6 Throwing
 + Level 0.1 Armour
 - Level 2.0 Spellcasting
 * Level 2.0 Summonings
 - Level 1.2 Invocations
 - Level 1.0 Evocations


You had 3 spell levels left.
You knew the following spells:

 Your Spells              Type           Power      Damage    Failure   Level
a - Summon Small Mammal   Summ           28%        N/A       26%         1

Your spell library contained the following spells:

 Spells                   Type           Power      Damage    Failure   Level
 Call Canine Familiar     Summ           7%         N/A       61%         3


Dungeon Overview and Level Annotations

Branches:
Dungeon (1/15)

Altars:


Message History

The ball python constricts you.
You hit the ball python.
You kill the ball python!
Found a runed mace.
You now have 12 gold pieces.
i - a brown potion You see here a +0 heavy mace.
j - a +0 heavy mace You now have 15 gold pieces (gained 3).
You now have 17 gold pieces (gained 2).
You now have 29 gold pieces (gained 12).
Found a stone staircase leading down.
There is a stone staircase leading down here.
A rat comes into view.
The rat twitches its whiskers.
You closely miss the rat. The rat bites you but does no damage.
You closely miss the rat. The rat barely misses you.
You hit the rat but do no damage. The rat bites you but does no damage.
You hit the rat.
The rat is severely wounded.
The rat closely misses you.
You hit the rat.
You kill the rat!
A kobold comes into view.
It is wielding a +1 short sword of electrocution.
The kobold shouts!
The kobold closely misses you.
You hit the kobold but do no damage. The kobold closely misses you.
You closely miss the kobold. The kobold barely misses you.
You hit the kobold but do no damage.
The kobold hits you with a +1 short sword of electrocution.
You barely miss the kobold.
The kobold hits you with a +1 short sword of electrocution.
You closely miss the kobold. The kobold barely misses you.
You hit the kobold but do no damage.
The kobold hits you with a +1 short sword of electrocution.
You miss the kobold. Your punch misses the kobold.
The kobold hits you with a +1 short sword of electrocution.
You are electrocuted!!
Ouch! That really hurt!
You die...

###...........#
##.##+++##..#.#
##.#.....#....# ####
##.#..<..#....####....
##.#.....#....#.......
##.#.....#.......#
...##'''##....#..#
##..........#.#..#
#####.###....#.@# ##.#
#......K#
####..####.####.#
##.......##. ..#
......##.##. ###
##.##.# .# ##.##... .
#.#####.## #.# #


You could see a kobold.

Vanquished Creatures
  A ball python (D:1)
  A rat (D:1)
2 creatures vanquished.

Notes
Turn   | Place    | Note
-------+----------+-------------------------------------------
     0 | D:1      | IdlyInterested the Demonspawn Wanderer began the quest for
                  | the Orb.
     0 | D:1      | IdlyInterested set off with the following items: a +2
                  | dagger, 2 curare-tipped darts, a scroll of silence, a
                  | potion of lignification, a +0 robe; and the following spell
                  | memorised: Summon Small Mammal; and the following spells
                  | available to memorise: Call Canine Familiar.
     0 | D:1      | Reached XP level 1. HP: 13/13 MP: 3/3
   111 | D:1      | Demolished by a kobold

Illustrated notes

Levels and vault maps discovered:
D:1:      dpeg_arrival_windows_large_door, layout_loops_cross,
          roderic_serpentine_path, chequers_serial_rivers_small_3

Action                     || total
---------------------------++-------
  Melee: Dagger            ||    16
 Armour: Ring mail         ||     3
  Dodge: Dodged            ||    10

Table legend: (Time is in decaauts)
 A = Elapsed time spent in this place.
 B = Non-inter-level travel time spent in this place.
 C = Inter-level travel time spent in this place.
 D = Time resting spent in this place.
 E = Time spent auto-exploring this place.
 F = Levels seen in this place.
 G = Mean time per level.
                   A        B        C        D        E       F      G
               +--------+--------+--------+--------+--------+-----+--------+
         Total |    111 |    111 |      0 |      0 |     53 |   1 |  111.0 |
       Dungeon |    111 |    111 |      0 |      0 |     53 |   1 |  111.0 |
               +--------+--------+--------+--------+--------+-----+--------+

Top non-repeatable levels by time:
     D:1: 111 daAuts
